 Dungeon Crawl Stone Soup version 0.25.1-2-g60ff931df9 (webtiles) character file.

Game seed: 7420323346545204297

85 Exodus22XD the Poker (level 4, -2/33 HPs)
             Began as a Demonspawn Gladiator on Oct 31, 2020.
             Slain by a gnoll
             ... wielding a +0 flail
              (7 damage)
             ... on level 2 of the Dungeon.
             The game lasted 00:01:20 (1525 turns).

Exodus22XD the Poker (Demonspawn Gladiator)         Turns: 1525, Time: 00:01:21

Health: -2/33      AC: 14    Str: 16    XL:     4   Next: 25%
Magic:  4/4        EV: 12    Int:  9    God:
Gold:   56         SH:  0    Dex: 14    Spells: 3/3 levels left

rFire    . . .     SeeInvis .   a - +0 trident
rCold    . . .     Gourm    .   (no shield)
rNeg     . . .     Faith    .   j - +0 ring mail
rPois    .         Spirit   .   (helmet restricted)
rElec    .         Reflect  .   (no cloak)
rCorr    .         Harm     .   (no gloves)
MR       .....                  (no boots)
Stlth    +.........             (no amulet)
HPRegen  0.11/turn              (no ring)
MPRegen  0.09/turn              (no ring)

@: sanguine armour
A: antennae 1, sanguine armour 2
a: no special abilities


You were on level 2 of the Dungeon.
You were not hungry.

You visited 1 branch of the dungeon, and saw 3 of its levels.

You collected 56 gold pieces.

Inventory:

Hand Weapons
 a - a +0 trident (weapon)
Missiles
 d - 3 throwing nets (quivered)
Armour
 b - a +0 leather armour
 c - a +0 helmet
 j - a +0 ring mail (worn)
Scrolls
 h - a scroll of blinking {unknown}
 i - a scroll of remove curse {unknown}
 l - a scroll of teleportation {unknown}
 m - a scroll of magic mapping {unknown}
 n - a scroll of immolation {unknown}
 o - 2 scrolls of identify {unknown}
Potions
 e - a potion of mutation {unknown}
 k - 2 potions of might {unknown}
Comestibles
 f - 2 rations


   Skills:
 + Level 2.2 Fighting
 + Level 3.9 Polearms
 - Level 1.7 Throwing
 + Level 1.2 Armour
 + Level 3.1 Dodging


You had 3 spell levels left.
You didn't know any spells.
Your spell library was empty.

Dungeon Overview and Level Annotations

Branches:
Dungeon (3/15)

Altars:


Innate Abilities, Weirdness & Mutations

You have a pair of small antennae on your head.
When seriously injured, your bleeding wounds create thick armour. (AC +9)


Message History

You are too injured to fight recklessly!
You are too injured to fight recklessly!
You hit the gnoll.
The gnoll is moderately wounded.
The gnoll misses you. The gnoll closely misses you.
You hit the gnoll.
The gnoll is severely wounded.
The gnoll hits you but does no damage. The gnoll misses you.
You closely miss the gnoll.
The gnoll is severely wounded.
The gnoll hits you with a +0 flail!
* * * LOW HITPOINT WARNING * * *
The gnoll closely misses you.
You puncture the gnoll!
You kill the gnoll!
The gnoll hits you but does no damage.
You hit the gnoll.
The gnoll is almost dead.
The gnoll hits you with a +0 flail!
You die...

##### #)# .....(.##.#
.......$$g# #..######g#
#..# #.# #..# #.# #..#
##.######
#.#####..#####........#
#.##.....g@g....#..##.#
######.##.##..#####.#_#.#
....#.##.##..#####..#..#
.###.......##............#
............#.#######..###
#....#.#.#.# ...
#...รท...#.# #.#.
#.......#.# .#.#
#.##.#....#.


You could see 2 gnolls.

Vanquished Creatures
  2 gnolls (D:2)
  2 adders (D:2)
  A worm (D:2)
  4 dart slugs (D:1)
  5 bats (D:1)
  2 giant cockroaches (D:1)
  6 goblins
  4 hobgoblins
  4 kobolds
  A quokka (D:2)
  4 frilled lizards
  2 rats
37 creatures vanquished.

Notes
Turn   | Place    | Note
-------+----------+-------------------------------------------
     0 | D:1      | Exodus22XD the Demonspawn Gladiator began the quest for the
                  | Orb.
     0 | D:1      | Reached XP level 1. HP: 16/16 MP: 1/1
    71 | D:1      | Gained mutation: When seriously injured, your bleeding
                  | wounds create armour. (AC +9) [demonic ancestry]
    71 | D:1      | Reached XP level 2. HP: 17/22 MP: 2/2
   703 | D:1      | Gained mutation: When seriously injured, your bleeding
                  | wounds create thick armour. (AC +9) [demonic ancestry]
   703 | D:1      | Reached XP level 3. HP: 27/27 MP: 3/3
  1238 | D:2      | Found a faded altar of an unknown god.
  1261 | D:2      | Reached skill level 1 in Armour
  1261 | D:2      | Gained mutation: You have a pair of small antennae on your
                  | head. [demonic ancestry]
  1261 | D:2      | Reached XP level 4. HP: 33/33 MP: 4/4
  1525 | D:2      | Slain by a gnoll

Illustrated notes

Levels and vault maps discovered:
D:1:      shiori_shiawase, layout_basic
D:2:      layout_loops_ring, marbit_many_paths,
          chequers_ecumenical_altar_simple, chequers_avenue,
          minmay_misc_feat_room, minmay_misc_feat_five
D:3:      cheibrodos_old_hovel, layout_basic, okawaru_altar_gauntlet_db

Skill      XL: |  1  2  3 |
---------------+----------+-----
Polearms       | 3 |  3.9
Dodging        | 3 |  3.1
Armour         | 1 |  1.2
Fighting       | |  2.2
Throwing       | |  1.7

Action                   |  1- 3 |  4- 6 || total
-------------------------+-------+-------++-------
Melee: Trident           |   102 |    13 ||   115
  Eat: Chunk             |     1 |     1 ||     2
Armor: Leather armour    |    11 |       ||    11
       Ring mail         |    10 |     2 ||    12
Dodge: Dodged            |    49 |    13 ||    62
